 Dungeon Crawl Stone Soup version 0.26.1-2-gb8aa6d0cf2 (webtiles) character file.

Game seed: 2582930114065533611

8373 Qrupt the Cleaver (level 11, -2/151 HPs)
             Began as a Hill Orc Fighter on Feb 11, 2021.
             Was a Priest of the Shining One.
             Slain by a centaur warrior skeleton (5 damage)
             ... on level 10 of the Dungeon.
             The game lasted 00:14:10 (9834 turns).

Qrupt the Cleaver (Hill Orc Fighter)                Turns: 9834, Time: 00:14:10

Health: -2/151     AC:  0    Str: 23    XL:     11   Next: 29%
Magic:  11/11      EV: 17    Int:  8    God:    the Shining One [***...]
Gold:   145        SH:  0    Dex: 15    Spells: 10/10 levels left

rFire    . . .     SeeInvis .   (weapon currently unavailable)
rCold    . . .     Faith    .   (shield currently unavailable)
rNeg     + . .     Spirit   .   (armour currently unavailable)
rPois    .         Reflect  .   (helmet currently unavailable)
rElec    .         Harm     .   (cloak currently unavailable)
rCorr    .         Rampage  .   (gloves currently unavailable)
Will     .....                  (boots currently unavailable)
Stlth    ..........             (no amulet)
HPRegen  0.35/turn              (ring currently unavailable)
MPRegen  0.12/turn              (ring currently unavailable)

@: berserking (expiring), lethally poisoned (-2 -> -8), bat-form (expiring),
flying, glowing, very quick
A: tiny
a: Stop Flying, Renounce Religion, Divine Shield


You were on level 10 of the Dungeon.
You worshipped the Shining One.
The Shining One was most pleased with you.
You were in bat-form.
You visited 2 branches of the dungeon, and saw 11 of its levels.

You collected 556 gold pieces.
You spent 411 gold pieces at shops.

Inventory:

Hand Weapons
 a - a +0 war axe (melded)
 J - the +3 sling "Punk" {acid, rCorr}
   (You found it on level 10 of the Dungeon)

   It provides partial protection from all sources of acid and corrosion.
Missiles
 p - 2 throwing nets (quivered)
Armour
 c - a +0 kite shield (melded)
 o - the +1 scale mail of Impressiveness (melded) {rElec Regen+ SInv}
   (You bought it in a shop on level 6 of the Dungeon)

   It insulates you from electricity.
   It lets you see invisible.
   It increases your rate of regeneration.
 u - a +0 cloak (melded)
 y - the +1 helmet "Sikhun" (melded) {Dex+4}
   (You found it on level 5 of the Dungeon)

   It affects your dexterity (+4).
 z - a +1 pair of boots (melded)
Jewellery
 i - a +6 ring of dexterity (melded)
 B - a +6 ring of dexterity (melded)
 D - an uncursed ring of flight {unknown}
 I - an uncursed ring of see invisible {unknown}
Wands
 b - a wand of digging (10)
 G - a wand of flame (12)
Scrolls
 d - 7 scrolls of identify
 f - a scroll of fear
 g - 3 scrolls of enchant weapon
 k - 3 scrolls of blinking
 l - 4 scrolls of teleportation
 m - 5 scrolls of magic mapping
 n - 3 scrolls of remove curse
 s - 2 scrolls of amnesia
 v - 3 scrolls of immolation
 E - a scroll of vulnerability {unknown}
 F - a scroll of holy word {unknown}
 H - a scroll of random uselessness {unknown}
Potions
 e - 4 potions of heal wounds
 h - 3 potions of lignification {unknown}
 j - a potion of berserk rage
 q - 2 potions of mutation
 r - 2 potions of haste {unknown}
 t - 3 potions of curing {unknown}
 w - 2 potions of invisibility {unknown}
 x - a potion of brilliance {unknown}
 A - a potion of attraction {unknown}
 C - a potion of flight {unknown}
 K - a potion of might


   Skills:
 + Level 10.9 Fighting
 + Level 11.4 Axes
 + Level 10.0 Armour
 + Level 10.0 Shields


You had 10 spell levels left.
You didn't know any spells.
Your spell library contained the following spells:

 Spells                   Type           Power        Failure   Level
 Magic Dart               Conj           0%           41%         1
 Blink                    Tloc           N/A          54%         2
 Call Imp                 Summ           0%           54%         2
 Searing Ray              Conj           0%           54%         2
 Slow                     Hex            0%           54%         2
 Conjure Flame            Conj/Fire      0%           78%         3
 Dazzling Flash           Conj/Hex       0%           78%         3
 Mephitic Cloud           Conj/Pois/Air  0%           78%         3
 Fulminant Prism          Conj/Hex       0%           99%         4
 Iskenderun's Mystic Bla  Conj/Tloc      0%           99%         4


Dungeon Overview and Level Annotations

Branches:
Dungeon (10/15)            Temple (1/1) D:4            Lair (0/6) D:8
    Orc: D:9-12

Altars:
Ashenzari
Cheibriados
Dithmenos
Elyvilon
Fedhas
Gozag
Hepliaklqana
Kikubaaqudgha
Makhleb
Nemelex Xobeh
Okawaru
Qazlal
Ru
Sif Muna
Trog
Uskayaw
Vehumet
Wu Jian
Xom
Yredelemnul
Zin
The Shining One

Shops:
D:5 *   D:6 [   D:10 !


Innate Abilities, Weirdness & Mutations

((You have sharp toenails.))
((Your flesh is very cold resistant. (rC++)))


Message History

The centaur warrior skeleton is moderately damaged.
* * * LOW HITPOINT WARNING * * *
You feel sick.
You hit the centaur warrior skeleton.
The centaur warrior skeleton is moderately damaged.
The centaur warrior skeleton barely misses you.
The bullfrog zombie misses you.
You bite the centaur warrior skeleton!
The centaur warrior skeleton is heavily damaged.
* * * LOW HITPOINT WARNING * * *
You feel sick.
The centaur warrior skeleton closely misses you.
You bite the centaur warrior skeleton!
The centaur warrior skeleton is severely damaged.
The bullfrog zombie misses you.
You bite the centaur warrior skeleton!
The centaur warrior skeleton is almost destroyed.
* * * LOW HITPOINT WARNING * * *
You feel sick. The centaur warrior skeleton hits you.
You die...

#...### ##....#
#######..###
##.#.....>.##
##........)..#
#...........##
######...........##
###.Z##.............#
##...Zb#......#....###
#..####(......##...#
#..# #.......##...###
...s.
###...#.##.....##
#..c...
#..##.........#
....Z....
######..∩....##
#....c..[.. #.........
.............
#.....##.....
...)........(. #.....
#.....


You could see a bullfrog zombie and a centaur warrior skeleton.

Vanquished Creatures
  Harold (D:7)
  A centaur warrior (D:10)
  2 two-headed ogres
  A centaur zombie (D:9)
  Psyche (D:8)
  A troll (D:9)
  Sigmund (D:5)
  A wyvern (D:8)
  Eustachio (D:6)
  A basilisk (D:10)
  Edmund (D:5)
  Menkaure (D:5)
  A water moccasin (D:9)
  2 sky beasts
  A black bear (D:10)
  3 ogres
  6 centaurs
  A big kobold (D:10)
  5 bullfrogs
  A gnoll sergeant (D:8)
  A water moccasin zombie (D:7)
  A wyvern skeleton (D:7)
  5 scorpions
  11 killer bees
  4 wights (D:6)
  6 howler monkeys
  9 hounds
  A quasit (D:6)
  4 orc priests
  A jelly (D:8)
  Natasha (thrice) (D:3)
  2 iguanas
  7 orc wizards
  4 worker ants
  A killer bee zombie (D:8)
  A worker ant zombie (D:6)
  9 gnolls
  9 adders
  A shadow imp (D:5)
  3 white imps
  An ufetubus (D:5)
  2 adder skeletons
  3 worms
  2 dart slugs
  A leopard gecko (D:1)
  31 orcs
  5 ball pythons
  3 bats
  2 giant cockroaches (D:2)
  8 goblins
  9 hobgoblins
  6 jackals
  4 kobolds
  3 quokkas
  A frilled lizard (D:2)
  A jackal skeleton (D:7)
  A quokka zombie (D:7)
  5 rats
204 creatures vanquished.

Vanquished Creatures (others)
  2 fungi (D:8)
  2 plants (D:8)
4 creatures vanquished.

Grand Total: 208 creatures vanquished

Notes
Turn   | Place    | Note
-------+----------+-------------------------------------------
     0 | D:1      | Qrupt the Hill Orc Fighter began the quest for the Orb.
     0 | D:1      | Reached XP level 1. HP: 19/19 MP: 1/1
   362 | D:1      | Reached skill level 3 in Axes
   362 | D:1      | Reached XP level 2. HP: 27/27 MP: 2/2
   928 | D:2      | Reached XP level 3. HP: 32/33 MP: 3/3
  1020 | D:2      | Reached XP level 4. HP: 34/40 MP: 4/4
  1705 | D:3      | Noticed Natasha
  1732 | D:3      | Killed Natasha
  1733 | D:3      | Reached skill level 4 in Axes
  1735 | D:3      | Reached XP level 5. HP: 47/47 MP: 5/5
  2088 | D:3      | Noticed Natasha
  2096 | D:3      | Killed Natasha
  2300 | D:3      | Gained mutation: Your flesh is cold resistant. (rC+)
                  | [potion of mutation]
  2300 | D:3      | Gained mutation: You have sharp toenails. [potion of
                  | mutation]
  2300 | D:3      | Gained mutation: Your flesh is very cold resistant. (rC++)
                  | [potion of mutation]
  2661 | D:3      | Noticed Natasha
  2668 | D:3      | Killed Natasha
  2669 | D:3      | Reached XP level 6. HP: 43/55 MP: 6/6
  2818 | D:3      | Reached skill level 5 in Fighting
  3285 | D:4      | Reached skill level 5 in Axes
  3737 | D:4      | Reached skill level 5 in Armour
  3737 | D:4      | Reached skill level 5 in Shields
  3742 | D:4      | Found a staircase to the Ecumenical Temple.
  3891 | Temple   | Entered the Ecumenical Temple
  4120 | Temple   | Became a worshipper of the Shining One
  4176 | D:5      | Entered Level 5 of the Dungeon
  4176 | D:5      | Noticed Menkaure
  4183 | D:4      | Reached XP level 7. HP: 48/61 MP: 7/7
  4314 | D:5      | Found Ygral's Assorted Antiques.
  4706 | D:5      | Noticed Sigmund
  4712 | D:5      | Killed Sigmund
  4713 | D:5      | Reached skill level 6 in Axes
  4717 | D:5      | Reached XP level 8. HP: 63/71 MP: 8/8
  4754 | D:5      | Reached * piety under the Shining One
  5002 | D:5      | Found a snail-covered altar of Cheibriados.
  5162 | D:5      | Found an iron altar of Okawaru.
  5262 | D:5      | Noticed Edmund
  5272 | D:5      | Killed Edmund
  5327 | D:5      | Killed Menkaure
  5328 | D:5      | Reached skill level 7 in Axes
  5382 | D:5      | Got a brightly glowing helmet
  5388 | D:5      | Identified the +1 helmet "Sikhun" {Dex+4} (You found it on
                  | level 5 of the Dungeon)
  5902 | D:6      | Got an iridescent hand axe
  5903 | D:6      | Identified the +3 hand axe "Zael" {pain, rElec rC+ rN+
                  | Will+} (You found it on level 6 of the Dungeon)
  6031 | D:6      | Reached XP level 9. HP: 73/79 MP: 9/9
  6177 | D:6      | Found Qiaxkon's Antique Armour Shop.
  6185 | D:6      | Bought a masterwork scale mail for 261 gold pieces
  6195 | D:6      | Identified the +1 scale mail of Impressiveness {rElec
                  | Regen+ SInv} (You bought it in a shop on level 6 of the
                  | Dungeon)
  6323 | D:6      | Reached skill level 8 in Axes
  6414 | D:6      | Noticed Eustachio
  6439 | D:6      | Killed Eustachio
  6756 | D:7      | Noticed Harold
  6779 | D:7      | Killed Harold
  6780 | D:7      | Reached skill level 9 in Axes
  6854 | D:7      | Reached ** piety under the Shining One
  6861 | D:7      | Found a blossoming altar of Fedhas.
  6868 | D:7      | Found an ancient bone altar of Kikubaaqudgha.
  6871 | D:7      | Found an opulent altar of Gozag.
  6997 | D:7      | Found a white marble altar of Elyvilon.
  6998 | D:7      | Found a hide-covered altar of Uskayaw.
  7000 | D:7      | Found a hazy altar of Hepliaklqana.
  7002 | D:7      | Found a sparkling altar of Nemelex Xobeh.
  7003 | D:7      | Found a burning altar of Makhleb.
  7075 | D:7      | Found a bloodstained altar of Trog.
  7386 | D:7      | Reached XP level 10. HP: 89/91 MP: 10/10
  7898 | D:8      | Found a staircase to the Lair.
  8131 | D:8      | Noticed a two-headed ogre
  8150 | D:8      | Killed a two-headed ogre
  8151 | D:8      | Reached skill level 10 in Axes
  8375 | D:8      | Found a bloodstained altar of Trog.
  8592 | D:8      | Noticed Psyche
  8598 | D:8      | Killed Psyche
  8821 | D:9      | Reached skill level 10 in Fighting
  8935 | D:9      | Found a broken altar of Ashenzari.
  9639 | D:10     | Entered Level 10 of the Dungeon
  9682 | D:10     | Found Feshoyth's Distillery.
  9690 | D:10     | Bought 2 potions of heal wounds for 150 gold pieces
  9693 | D:10     | Found the +3 sling "Punk" {acid, rCorr}
  9736 | D:10     | Noticed a two-headed ogre
  9757 | D:10     | Reached XP level 11. HP: 101/101 MP: 11/11
  9762 | D:10     | Killed a two-headed ogre
  9763 | D:10     | Reached skill level 11 in Axes
  9777 | D:10     | Noticed a centaur warrior
  9777 | D:10     | Reached *** piety under the Shining One
  9778 | D:10     | Noticed an unseen horror
  9796 | D:10     | Killed a centaur warrior
  9797 | D:10     | Reached skill level 10 in Shields
  9805 | D:10     | Reached skill level 10 in Armour
  9829 | D:10     | HP: 5/151 [bullfrog zombie (7)]
  9834 | D:10     | HP: 3/151 [poisoned by a scorpion]
  9834 | D:10     | Slain by a centaur warrior skeleton

Illustrated notes

Levels and vault maps discovered:
D:1:      dpeg_arrival_boxorama, layout_rooms
D:2:      layout_basic
D:3:      layout_basic, uniq_natasha
D:4:      layout_gridville, minmay_temple_entry_drinking_statues,
          amcnicky_mini_corridor_feature
D:5:      layout_rooms, okawaru_gym_becter, nicolae_overflow_crystal_walls,
          minmay_shop_grid_forest, nicolae_zen_rock_garden, uniq_menkaure,
          uniq_edmund, uniq_sigmund
D:6:      layout_loops_corners, serial_shops, shop, minmay_statues_item,
          uniq_eustachio
D:7:      layout_layer_cave, grunt_temple_overflow_open, basic_altar,
          uniq_harold
D:8:      layout_loops_ring, lemuel_coloured_pillars_altar, dpeg_oklobed_lair,
          uniq_psyche
D:9:      layout_irregular_city, cheibrodos_ashenzari_chains
D:10:     minmay_bloctagon, layout_cave_pools, serial_shops,
          nicolae_shop_crystal, shop, basic_altar
Temple:   minmay_temple_curvy_loop

Skill      XL: |  1  2  3  4  5  6  7  8  9 10 11 |
---------------+----------------------------------+-----
Axes           | 3 4 5 6 7 9 10 11 | 11.4
Fighting       | 4 5 6 7 9 10 | 10.9
Armour         | 4 5 6 8 9 10 | 10.0
Shields        | 4 5 6 8 9 10 | 10.0

Action                   |  1- 3 |  4- 6 |  7- 9 | 10-12 || total
-------------------------+-------+-------+-------+-------++-------
Melee: War axe           |    82 |   196 |   236 |   219 ||   733
       Kick              |       |    23 |    26 |       ||    49
       Unarmed           |       |       |       |    28 ||    28
Throw: Throwing net      |       |       |       |     1 ||     1
  Use: Potion            |     1 |     3 |     1 |     1 ||     6
       Scroll            |       |       |     9 |       ||     9
Armor: Scale mail        |    26 |    96 |    96 |    92 ||   310
Dodge: Dodged            |    24 |    55 |    47 |    85 ||   211
Block: Kite shield       |    47 |    90 |   157 |   156 ||   450
